 Dungeon Crawl Stone Soup version 0.25-a0-577-ga4619f409e (webtiles) character file.

Game seed: 5608945712318216866, levelgen mode: deterministic

117599 Lugonue the Eclecticist (level 15, 0/67 HPs)
             Began as a Felid Venom Mage on Feb 27, 2020.
             Was the Champion of Kikubaaqudgha.
             Hit by a javelin thrown by a merfolk javelineer (31 damage)
             ... on level 4 of the Shoals on Mar 2, 2020.
             The game lasted 03:49:30 (43955 turns).

Lugonue the Eclecticist (Felid Venom Mage)         Turns: 43955, Time: 03:49:32

Health: 0/67       AC:  3    Str:  4    XL:     15   Next: 92%
Magic:  29/57      EV: 42    Int: 23    God:    Kikubaaqudgha [******]
Gold:   2116       SH:  4    Dex: 17    Spells: 1/53 levels left
                                        Lives:  0   Deaths: 5

rFire    . . .     SeeInvis +     - Unarmed
rCold    + . .     Gourm    .   (shield unavailable)
rNeg     . . .     Faith    .   (armour unavailable)
rPois    .         Spirit   .   (helmet unavailable)
rElec    .         Reflect  .   (cloak unavailable)
rCorr    .         Harm     .   (gloves unavailable)
MR       ++...                  (boots unavailable)
Stlth    +++++.....             r - amulet of the acrobat
HPRegen  0.21/turn              p - ring of magical power
MPRegen  0.35/turn              x - ring of magical power

@: death channel, acrobat, quick
A: very small, no armour, no weapons or thrown items, stealth, claws 1, fangs 3,
large bone plates 1, see invisible, blink, carnivore, speed 1, shaggy fur 3,
slow metabolism 1, sharp paws
}: 1/15 runes: barnacled
a: Blink, Receive Corpses, Torment, Renounce Religion


You were on level 4 of the Shoals.
You worshipped Kikubaaqudgha.
Kikubaaqudgha was exalted by your worship.
You were very full.

You visited 7 branches of the dungeon, and saw 32 of its levels.

You collected 3241 gold pieces.
You spent 1125 gold pieces at shops.

Inventory:

Jewellery
 j - an uncursed ring of flight
 l - an uncursed ring of protection from magic
 p - a ring of magical power (left paw)
 r - an amulet of the acrobat (around neck)
 x - a ring of magical power (right paw)
 A - an uncursed ring of fire
 D - the ring of Sesiun {*Corrode rPois rF+ Str+9 Int-5}
   (You took it off a deep elf death mage on level 3 of the Elven Halls)

   [ring of protection from fire]

   It affects your strength (+9).
   It affects your intelligence (-5).
   It protects you from fire.
   It protects you from poison.
   It may corrode you when you take damage.
Wands
 c - a wand of flame (3)
 m - a wand of acid (23)
 n - a wand of polymorph (5)
 t - a wand of digging (8)
 u - a wand of iceblast (4)
 y - a wand of random effects (12)
 H - a wand of paralysis (7)
 L - a wand of disintegration (10)
Scrolls
 a - 27 scrolls of identify
 e - 12 scrolls of remove curse
 g - 4 scrolls of fog
 h - 2 scrolls of immolation
 i - 12 scrolls of teleportation
 v - 5 scrolls of magic mapping
 C - a scroll of summoning
 E - 3 scrolls of fear
Potions
 f - 2 potions of flight
 k - 4 potions of curing
 o - 2 potions of cancellation
 q - 4 potions of berserk rage
 s - 3 potions of resistance
 z - 3 potions of brilliance
 G - 2 potions of haste
 I - 2 potions of might
 J - a potion of mutation
 N - a potion of stabbing
Miscellaneous
 d - a crystal ball of energy
 w - a crystal ball of energy
 B - a phantom mirror
 K - a lamp of fire
 M - a lightning rod (4/4)
Comestibles
 b - 40 rations
 F - 6 chunks of flesh


   Skills:
 - Level 8.6 Fighting
 + Level 10.9 Dodging
 + Level 9.5 Stealth
 - Level 3.6 Unarmed Combat
 + Level 19.9 Spellcasting
 - Level 1.5 Conjurations
 + Level 13.0 Necromancy
 - Level 7.0 Transmutations
 - Level 3.4 Fire Magic
 * Level 3.5 Ice Magic
 - Level 5.2 Air Magic
 - Level 1.4 Earth Magic
 - Level 10.0 Poison Magic
 + Level 8.2 Evocations


You had one spell level left.
You knew the following spells:

 Your Spells              Type           Power        Failure   Level  Hunger
a - Pain                  Necr           ####         0%          1    None
b - Poisonous Vapours     Pois/Air       ######       1%          2    None
c - Olgreb's Toxic Radia  Pois           ######..     1%          4    None
d - Ignite Poison         Fire/Tmut/Pois ######..     1%          3    None
e - Mephitic Cloud        Conj/Pois/Air  #####...     1%          3    None
f - Sublimation of Blood  Necr           ######....   0%          2    None
g - Borgnjor's Vile Clut  Necr/Erth      ######....   3%          5    None
h - Dispel Undead         Necr           ######..     1%          4    None
i - Freezing Cloud        Conj/Ice/Air   #####.....   58%         6    ###....
j - Death Channel         Necr           ######....   1%          6    ###....
k - Blink                 Tloc           N/A          3%          2    None
l - Sting                 Tmut/Pois      ####         1%          1    None
m - Bolt of Magma         Conj/Fire/Erth ####......   24%         5    None
r - Infestation           Necr           ######....   54%         8    ######.

Your spell library contained the following spells:

 Spells                   Type           Power        Failure   Level  Hunger
 Animate Skeleton         Necr           N/A          0%          1    None
 Corona                   Hex            ###....      1%          1    None
 Freeze                   Ice            ####         1%          1    None
 Magic Dart               Conj           ####         1%          1    None
 Shock                    Conj/Air       ####         1%          1    None
 Corpse Rot               Necr/Air       N/A          1%          2    None
 Ensorcelled Hibernation  Hex/Ice        ####..       1%          2    None
 Searing Ray              Conj           ####..       1%          2    None
 Swiftness                Chrm/Air       #####...     1%          2    None
 Frozen Ramparts          Ice            #####.       1%          3    None
 Static Discharge         Conj/Air       #####...     1%          3    None
 Vampiric Draining        Necr           ######....   1%          3    None
 Animate Dead             Necr           N/A          1%          4    None
 Agony                    Necr           ######..     1%          5    None
 Conjure Flame            Conj/Fire      ####....     2%          3    None
 Airstrike                Air            #####.....   2%          4    None
 Ice Form                 Ice/Tmut       #####...     2%          4    None
 Call Imp                 Summ           ###.....     3%          2    None
 Shroud of Golubria       Chrm/Tloc      ###...       3%          2    None
 Slow                     Hex            ###.....     3%          2    None
 Ozocubu's Armour         Chrm/Ice       ####....     3%          3    None
 Dazzling Flash           Conj/Hex       ####..       4%          3    None
 Confusing Touch          Hex            ###.....     6%          3    None
 Gell's Gravitas          Tloc           ###.......   6%          3    None
 Lesser Beckoning         Tloc           ###.......   6%          3    None
 Teleport Other           Tloc           ###.....     6%          3    None
 Tukima's Dance           Hex            ###.....     6%          3    None
 Hailstorm                Conj/Ice       ####....     7%          4    None
 Summon Ice Beast         Ice/Summ       ####....     10%         4    None
 Simulacrum               Ice/Necr       ######....   11%         6    ###....
 Fulminant Prism          Conj/Hex       ####......   14%         4    None
 Iskenderun's Mystic Bla  Conj/Tloc      ####....     14%         4    None
 Lightning Bolt           Conj/Air       #####.....   14%         5    None
 Passage of Golubria      Tloc           N/A          21%         4    None
 Metabolic Englaciation   Hex/Ice        ####......   26%         5    None
 Iskenderun's Battlesphe  Conj/Chrm      ####....     38%         5    None
 Borgnjor's Revivificati  Necr           ######....   54%         8    ######.
 Ozocubu's Refrigeration  Ice            #####.....   58%         6    ###....
 Haunt                    Necr/Summ      ######....   77%         7    #####..
 Iron Shot                Conj/Erth      ####......   86%         6    ###....
 Necromutation            Tmut/Necr      ######....   91%         8    ######.
 Orb of Destruction       Conj           ####......   100%        7    #####..
 Spellforged Servitor     Conj/Summ      ####......   100%        7    #####..
 Death's Door             Chrm/Necr      ######....   100%        8    ######.
 Excruciating Wounds      Chrm/Necr      Unusable     N/A         5    N/A

Dungeon Overview and Level Annotations

Branches:
Dungeon (15/15)            Temple (1/1) D:6            Lair (6/6) D:9
 Shoals (4/4) Lair:3        Snake (1/4) Lair:3        Slime (0/5) Lair:6
    Orc (2/2) D:9             Elf (3/3) Orc:2        Vaults (0/5) D:13
 Depths (0/5) D:15

Altars:
Ashenzari
Cheibriados
Dithmenos
Elyvilon
Fedhas
Gozag
Hepliaklqana
Kikubaaqudgha
Makhleb
Nemelex Xobeh
Okawaru
Qazlal
Ru
Sif Muna
Trog
Uskayaw
Vehumet
Wu Jian
Xom
Yredelemnul
Zin
The Shining One
Beogh
Jiyva

Shops:
D:5 *   D:12 !   Orc:1 ((}   Orc:2 }(?[   Elf:3 }[!

Annotations:
D:4 1 runed translucent door
D:13 2 transporters, EnegeticOcto's ghost, journeyman DDFi
D:14 Roxanne
D:15 3 runed translucent doors, EnegeticOcto's ghost, journeyman DDFi
Lair:2 exclusion: oklob plant
Shoals:4 Polyphemus
Elf:2 3 runed translucent doors


Innate Abilities, Weirdness & Mutations

You cannot wear armour.
You are incapable of wielding weapons or throwing items.
Your paws allow you to move quietly. (Stealth)
You have sharp claws.
You have razor-sharp teeth.
You have supernaturally acute eyesight. (SInv)
You are carnivorous and can eat meat at any time.
You cover ground quickly.
Your thick and shaggy fur keeps you warm. (AC +3, rC+)
You have a slow metabolism.
Your sharp claws are effective at attacking unaware monsters.
You are partially covered in large bone plates. (SH +4)
You can translocate small distances at will.


Message History

The sea snake bites your spectral satyr.
Unknown command.
Your spectral merfolk aquamancer hits the sea snake.
Your spectral merfolk aquamancer drains the sea snake.
Your spectral faun hits the sea snake!
The sea snake dies!
Kikubaaqudgha accepts your kill.
A glowing mist starts to gather...
The merfolk javelineer throws a javelin.
The javelin pierces through your spectral satyr!!
The javelin pierces through your spectral merfolk javelineer!!
The javelin pierces through your spectral satyr!!
The javelin completely misses you.
The merfolk javelineer throws a javelin.
The javelin completely misses your spectral satyr.
The javelin pierces through your spectral merfolk javelineer!! x2
The javelin pierces through your spectral satyr!
The javelin pierces through you!!
You die...
Kikubaaqudgha rasps: "You have failed me!
Welcome... death!"

....#####≈≈≈≈≈≈≈≈≈≈≈≈≈≈≈≈≈≈≈≈≈*,,
...##)..##≈≈≈≈≈≈≈≈≈≈≈≈≈≈≈≈≈≈,,+,,
...#.).).#≈≈≈≈≈≈≈≈≈≈≈≈≈≈≈≈≈≈,,*,,
...)Z÷)..#........,≈≈≈≈≈≈≈..,,**,
P..#(Z...#........,,,≈≈≈≈[..,,,**
...##((.##)....#####,≈≈≈≈≈..,,,,,
....#####.....##..Z##.≈≈≈≈≈.,,,,,
.(..P.....()..#(..ZZ#..≈≈≈≈≈,,,,,
..(P..((......(.@ZZZZm.≈≈≈≈≈,,,,,
≈≈≈...P.......#..ZZZ#Z.≈≈≈≈≈,,,,,
PPP≈..........##..Z##.≈≈≈≈≈≈≈≈≈,,
P.≈P≈..........#####,≈≈S≈≈≈≈,≈,,,
≈PP≈≈≈≈≈≈........,,,,≈≈≈≈≈≈≈,,,,≈
≈PP≈≈≈≈≈≈≈≈.......,,,≈≈≈≈≈≈≈,,,,,
P≈≈P≈≈≈≈≈≈≈≈≈≈.....,,≈≈≈≈≈≈≈,,,,,
≈P≈≈..≈≈≈≈≈≈≈≈≈≈...,≈≈≈≈≈≈≈≈,,,,,
...PP≈≈≈≈≈≈≈≈≈≈≈≈≈,≈≈≈≈≈≈≈,,,,,,,


You could see a merfolk javelineer, a friendly spectral sea snake, 4 friendly
spectral merfolk aquamancers, 2 friendly spectral merfolk javelineers, a
friendly spectral cyclops, a friendly spectral faun and 3 friendly spectral
satyrs.

Vanquished Creatures
  Jorgrun (Elf:2)
  2 deep elf blademasters (Elf:3)
  2 deep elf master archers (Elf:3)
  Agnes (D:14)
  Kirke (Shoals:3)
  Ilsuiw (Shoals:2)
  2 orc warlords
  8 deep elf sorcerers
  3 deep elf elementalists (Elf:3)
  Nessos (Lair:5)
  A stone giant (Orc:2)
  8 deep elf demonologists
  11 deep elf annihilators
  6 deep elf death magi (Elf:3)
  4 merfolk javelineers
  2 merfolk impalers
  5 slime creatures
  2 vault guards (D:13)
  2 deep elf high priests (Elf:3)
  2 hydras
  Erica (D:8)
  4 ogre magi (Orc:2)
  An alligator snapping turtle (Shoals:2)
  A catoblepas (Lair:6)
  5 centaur warriors
  4 merfolk aquamancers
  2 death knights
  19 two-headed ogres
  9 dancing weapons
  A deep troll shaman (Lair:6)
  5 death yaks (Lair:6)
  2 satyrs (Shoals:4)
  5 orc high priests
  Urug (Lair:2)
  A small abomination (Elf:3)
  10 deep elf knights
  Sonja (Orc:2)
  3 skeletal warriors (D:15)
  5 sea snakes
  A glowing orange brain (D:15)
  A large abomination (Elf:3)
  An unseen horror (D:12)
  14 deep elf archers
  7 orc knights
  3 phantasmal warriors
  3 cyclopes
  2 orc sorcerers
  3 ugly things
  A wolf spider (shapeshifter) (D:15)
  6 fauns
  45 deep elf magi
  13 manticores
  6 merfolk sirens
  4 elephants
  Maurice (D:8)
  6 black mambas
  Joseph (D:7)
  Psyche (D:8)
  3 centaur skeletons
  3 water nymphs
  8 spiny frogs
  A komodo dragon (shapeshifter) (D:13)
  2 rime drakes
  A gargoyle (D:11)
  A kobold demonologist (D:12)
  Maggie (D:7)
  2 freezing wraiths
  A rime drake (shapeshifter) (Elf:2)
  6 komodo dragons
  8 trolls
  3 polar bears
  7 merfolk
  A queen bee (D:11)
  6 meliai
  Grinder (D:3)
  10 dream sheep
  10 blink frogs
  4 snapping turtles
  8 hippogriffs
  A tarantella (shapeshifter) (D:15)
  4 shadows
  2 water elementals
  2 air elementals
  3 wraiths
  3 wyverns
  A steam dragon (D:10)
  17 yaks
  6 fire elementals
  A basilisk (D:14)
  A hungry ghost (D:12)
  A vampire mosquito (D:13)
  A soldier ant (D:13)
  2 acid dragons
  10 water moccasins
  8 porcupines
  A hell hound (D:12)
  2 black bears (Lair:6)
  4 ice beasts
  26 orc warriors
  6 sky beasts
  A phantom (D:10)
  24 ogres
  13 wolves
  17 centaurs
  5 crocodiles
  6 big kobolds
  A gnoll sergeant (D:6)
  Blork the orc (D:9)
  8 bullfrogs
  2 earth elementals
  A wyvern skeleton (D:14)
  5 scorpions
  26 killer bees
  3 howler monkeys (D:8)
  5 crimson imps
  A bullfrog zombie (D:7)
  5 centaur zombies
  2 quasits
  30 orc priests
  8 hounds
  3 jellies
  3 bullfrog skeletons
  An iron imp (D:5)
  20 orc wizards
  2 iguanas
  Terence (D:2)
  12 worker ants
  A hound skeleton (D:5)
  A howler monkey zombie (D:7)
  2 worker ant zombies
  4 gnolls (D:6)
  17 adders
  2 shadow imps
  An ooze (D:3)
  An adder zombie (D:7)
  2 adder skeletons
  4 worms
  6 dart slugs
  3 leopard geckos
  103 orcs
  7 giant cockroaches
  6 hobgoblins
  14 jackals
  22 kobolds
  7 quokkas
  4 ball pythons
  6 bats
  4 frilled lizards
  A giant cockroach zombie (D:5)
  10 goblins
  A goblin zombie (D:4)
  A leopard gecko skeleton (D:6)
  A leopard gecko zombie (D:5)
  A quokka skeleton (D:6)
  A quokka zombie (D:5)
  3 rats
  A crawling corpse (Elf:3)
  3 plants (Shoals:4)
899 creatures vanquished.

Vanquished Creatures (collateral kills)
  Azrael (D:12)
  A deep elf death mage (Elf:3)
  2 merfolk impalers (Shoals:3)
  2 vault guards (D:13)
  A rakshasa (D:15)
  An ice dragon (D:15)
  2 hydras
  3 two-headed ogres
  3 merfolk aquamancers
  2 satyrs
  2 death yaks
  3 deep elf knights
  An unseen horror (D:13)
  3 sea snakes
  A harpy (Shoals:4)
  An orc knight (Elf:3)
  An ugly thing (D:13)
  5 fauns
  2 deep elf magi (Elf:3)
  3 cyclopes
  A manticore (Shoals:3)
  9 elephants
  2 merfolk sirens (Shoals:3)
  A water nymph (Shoals:3)
  A komodo dragon (shapeshifter) (D:15)
  A komodo dragon (Lair:6)
  An efreet (D:15)
  2 trolls (D:14)
  A polar bear (Lair:4)
  12 merfolk (Shoals:3)
  A blink frog (Lair:4)
  A dream sheep (Shoals:2)
  3 snapping turtles
  7 water elementals
  4 yaks
  2 wyverns
  A fire elemental (D:12)
  6 hogs (Shoals:3)
  3 vampire mosquitoes (D:13)
  A hell hound (D:12)
  6 water moccasins
  2 porcupines
  An ice beast (D:13)
  A hornet zombie (D:15)
  2 black bears
  An ogre (D:13)
  A tengu (shapeshifter) (D:15)
  2 crocodiles (Lair:6)
  3 bullfrogs
  A scorpion (D:13)
  2 jellies
  2 crimson imps
  2 quasits (D:11)
  2 bullfrog zombies (D:13)
  A bullfrog skeleton (D:13)
  2 hounds
  An iguana (D:13)
  3 adders
  3 shadow imps
  A crawling corpse (Elf:3)
  4 fungi (Lair:6)
  34 plants
177 creatures vanquished.

Vanquished Creatures (others)
  A deep elf mage (Elf:1)
  A troll (D:12)
  A bullfrog zombie (D:12)
  6 fungi
  8 plants
17 creatures vanquished.

Grand Total: 1093 creatures vanquished

Notes
Turn   | Place    | Note
-------+----------+-------------------------------------------
     0 | D:1      | Lugonue the Felid Venom Mage began the quest for the Orb.
     0 | D:1      | Reached XP level 1. HP: 7/7 MP: 4/4
   561 | D:1      | Reached XP level 2. HP: 11/11 MP: 6/6
   565 | D:1      | Learned a level 2 spell: Poisonous Vapours
  1299 | D:2      | Reached XP level 3. HP: 13/14 MP: 2/7
  1559 | D:2      | Noticed Terence
  1629 | D:2      | Killed Terence
  1876 | D:2      | Reached XP level 4. HP: 16/18 MP: 9/9
  2343 | D:2      | Reached skill level 1 in Fighting
  2579 | D:2      | Learned a level 4 spell: Olgreb's Toxic Radiance
  2634 | D:3      | Reached skill level 3 in Spellcasting
  2719 | D:3      | Reached XP level 5. HP: 13/22 MP: 1/10
  2909 | D:3      | Found a blossoming altar of Fedhas.
  3029 | D:3      | Noticed Grinder
  3037 | D:3      | Learned a level 3 spell: Ignite Poison
  3052 | D:3      | Killed Grinder
  3052 | D:3      | Reached skill level 1 in Unarmed Combat
  3052 | D:3      | Reached skill level 4 in Spellcasting
  3052 | D:3      | Reached skill level 1 in Air Magic
  3052 | D:3      | Gained mutation: You are covered in thick fur. (AC +2)
                  | [Felid growth]
  3052 | D:3      | Reached XP level 6. HP: 15/26 MP: 2/13
  3950 | D:4      | Found a runed translucent door.
  3950 | D:4      | Noticed a human
  3961 | D:4      | Reached XP level 7. HP: 30/30 MP: 0/14
  4073 | D:4      | Found a basalt altar of Yredelemnul.
  4475 | D:5      | Entered Level 5 of the Dungeon
  4633 | D:5      | Reached skill level 5 in Spellcasting
  4932 | D:5      | Found Irarph's General Store.
  4985 | D:5      | Found a snail-covered altar of Cheibriados.
  5409 | D:6      | Found a staircase to the Ecumenical Temple.
  5419 | Temple   | Entered the Ecumenical Temple
  5633 | Temple   | Became a worshipper of Kikubaaqudgha
  5773 | D:6      | Reached skill level 1 in Fire Magic
  5773 | D:6      | Reached XP level 8. HP: 34/34 MP: 6/17
  6423 | D:7      | Noticed Joseph
  6433 | D:6      | Learned a level 3 spell: Mephitic Cloud
  6473 | D:7      | Reached skill level 6 in Spellcasting
  6656 | D:7      | Noticed Maggie
  6663 | D:7      | Killed Maggie
  6663 | D:7      | Reached skill level 5 in Poison Magic
  6789 | D:7      | Reached * piety under Kikubaaqudgha
  6789 | D:7      | Identified Kikubaaqudgha's Incunabulum of Evil
                  | (Kikubaaqudgha gifted it to you on level 7 of the Dungeon)
  6789 | D:7      | Received a gift from Kikubaaqudgha
  6796 | D:7      | Learned a level 2 spell: Sublimation of Blood
  6800 | D:7      | Learned a level 3 spell: Vampiric Draining
  7199 | D:7      | Reached XP level 9. HP: 39/39 MP: 9/20
  7488 | D:7      | Found a hide-covered altar of Uskayaw.
  7589 | D:7      | Reached skill level 7 in Spellcasting
  7688 | D:7      | Killed Joseph
  8441 | D:8      | Reached skill level 5 in Fighting
  8600 | D:8      | Reached skill level 8 in Spellcasting
  8642 | D:8      | Reached ** piety under Kikubaaqudgha
  8912 | D:8      | Reached XP level 10. HP: 37/44 MP: 13/23
  9093 | D:8      | Noticed Erica
  9101 | D:8      | Killed Erica
  9272 | D:8      | Noticed Maurice
  9277 | D:8      | Killed Maurice
  9282 | D:8      | Reached skill level 9 in Spellcasting
  9491 | D:8      | Noticed Psyche
  9495 | D:8      | Killed Psyche
  9649 | D:9      | Noticed a two-headed ogre
  9655 | D:9      | Killed a two-headed ogre
  9872 | D:9      | Found an iron altar of Okawaru.
  9872 | D:9      | Found a hazy altar of Hepliaklqana.
  9877 | D:9      | Found an ornate altar of the Wu Jian Council.
  9879 | D:9      | Found an opulent altar of Gozag.
  9881 | D:9      | Found a blossoming altar of Fedhas.
  9923 | D:9      | Reached *** piety under Kikubaaqudgha
  9923 | D:9      | Identified Kikubaaqudgha's Almanac of Evil Rituals
                  | (Kikubaaqudgha gifted it to you on level 9 of the Dungeon)
  9923 | D:9      | Received a gift from Kikubaaqudgha
  9938 | D:9      | Learned a level 4 spell: Dispel Undead
 10142 | D:9      | Found a staircase to the Lair.
 10258 | D:9      | Reached skill level 5 in Transmutations
 10447 | D:9      | Found a shadowy altar of Dithmenos.
 10468 | D:9      | Found a roughly hewn altar of Beogh.
 10481 | D:9      | Reached XP level 11. HP: 49/49 MP: 10/25
 10600 | D:9      | Found a staircase to the Orcish Mines.
 10629 | Orc:1    | Entered Level 1 of the Orcish Mines
 10705 | Orc:1    | Reached **** piety under Kikubaaqudgha
 10789 | Orc:1    | Reached skill level 10 in Spellcasting
 10809 | Orc:1    | Found Qidemu's Gadget Shoppe.
 10818 | Orc:1    | Bought a crystal ball of energy for 200 gold pieces
 10854 | Orc:1    | Noticed an orc sorcerer
 10857 | Orc:1    | Killed an orc sorcerer
 10876 | Orc:1    | Noticed an orc warlord
 11199 | Orc:1    | Noticed an orc high priest
 11208 | Orc:1    | Killed an orc high priest
 11208 | Orc:1    | Reached skill level 1 in Evocations
 11241 | Orc:1    | Mangled by an orc warrior
 11242 | Orc:1    | Reached XP level 10. HP: -6/46 MP: 8/34
 11253 | Orc:1    | Found Aqeme's Antique Weapon Shoppe.
 11283 | Orc:1    | Killed an orc warlord
 11436 | Orc:1    | You fall into a shaft and drop 1 floor!
 11436 | Orc:2    | Entered Level 2 of the Orcish Mines
 11436 | Orc:2    | Found Asaqas's Antique Armour Emporium.
 11436 | Orc:2    | Found Xuwkuod's Weapon Boutique.
 11436 | Orc:2    | Found Usmoza Kel's Magic Scroll Boutique.
 11436 | Orc:2    | Found Keuf's Gadget Shoppe.
 11436 | Orc:2    | Noticed a two-headed ogre
 11436 | Orc:2    | Noticed an ogre mage
 11436 | Orc:2    | Noticed a two-headed ogre
 11436 | Orc:2    | Noticed a two-headed ogre
 11436 | Orc:2    | Noticed a two-headed ogre
 11436 | Orc:2    | Noticed an ogre mage
 11436 | Orc:2    | Noticed a two-headed ogre
 11436 | Orc:2    | Noticed a two-headed ogre
 11436 | Orc:2    | Noticed an ogre mage
 11437 | Orc:2    | Noticed an ogre mage
 11437 | Orc:2    | Noticed a two-headed ogre
 11437 | Orc:2    | Noticed a two-headed ogre
 11437 | Orc:2    | Noticed a two-headed ogre
 11437 | Orc:2    | Noticed a two-headed ogre
 11438 | Orc:2    | Noticed a two-headed ogre
 11438 | Orc:2    | Noticed a two-headed ogre
 11440 | Orc:2    | Noticed a two-headed ogre
 11441 | Orc:2    | Noticed a two-headed ogre
 11443 | Orc:2    | Killed a two-headed ogre
 11443 | Orc:2    | Reached skill level 5 in Stealth
 11443 | Orc:2    | Killed an ogre mage
 11443 | Orc:2    | Reached XP level 11. HP: 50/50 MP: 26/26
 11443 | Orc:2    | Reached skill level 1 in Necromancy
 11447 | Orc:2    | Killed a two-headed ogre
 11447 | Orc:2    | Reached skill level 11 in Spellcasting
 11448 | Orc:2    | Killed a two-headed ogre
 11448 | Orc:2    | Killed a two-headed ogre
 11448 | Orc:2    | Reached ***** piety under Kikubaaqudgha
 11448 | Orc:2    | Killed an ogre mage
 11448 | Orc:2    | Killed a two-headed ogre
 11448 | Orc:2    | Killed a two-headed ogre
 11448 | Orc:2    | Killed a two-headed ogre
 11450 | Orc:2    | Killed a two-headed ogre
 11450 | Orc:2    | Reached skill level 1 in Conjurations
 11450 | Orc:2    | Killed a two-headed ogre
 11450 | Orc:2    | Killed a two-headed ogre
 11450 | Orc:2    | Killed an ogre mage
 11450 | Orc:2    | Gained mutation: Your thick and shaggy fur keeps you warm.
                  | (AC +3, rC+) [Felid growth]
 11450 | Orc:2    | Reached XP level 12. HP: 55/55 MP: 18/28
 11452 | Orc:2    | Killed an ogre mage
 11452 | Orc:2    | Killed a two-headed ogre
 11452 | Orc:2    | Reached skill level 12 in Spellcasting
 11452 | Orc:2    | Killed a two-headed ogre
 11452 | Orc:2    | Reached skill level 5 in Dodging
 11455 | Orc:2    | Killed a two-headed ogre
 11474 | Orc:2    | Killed a two-headed ogre
 11695 | Orc:2    | Noticed Sonja
 11697 | Orc:2    | Killed Sonja
 11772 | Orc:2    | Found a staircase to the Elven Halls.
 11921 | Orc:2    | Noticed a stone giant
 11936 | Orc:2    | Reached skill level 5 in Evocations
 12009 | Orc:2    | Learned a level 4 spell: Animate Dead
 12017 | Orc:2    | Learned a level 6 spell: Death Channel
 12661 | Orc:1    | Found a roughly hewn altar of Beogh.
 12703 | Orc:1    | Found Reci's Antique Weapon Boutique.
 12842 | Orc:2    | Killed a stone giant
 13257 | D:9      | Noticed Blork the orc
 13263 | D:9      | Killed Blork the orc
 13268 | D:9      | Found a shimmering blue altar of Sif Muna.
 13377 | D:9      | Found a burning altar of Makhleb.
 13453 | D:10     | Entered Level 10 of the Dungeon
 13487 | D:10     | HP: 1/56 [acid (14)]
 13488 | D:10     | Slain by an acid dragon
 13489 | D:10     | Reached XP level 11. HP: -2/52 MP: 18/37
 13545 | D:10     | Learned a level 2 spell: Blink
 14648 | D:11     | Noticed a two-headed ogre
 14666 | D:11     | Killed a two-headed ogre
 14666 | D:11     | Reached XP level 12. HP: 49/56 MP: 2/29
 15980 | D:12     | Noticed a two-headed ogre
 15980 | D:12     | Noticed a death knight
 15981 | D:12     | Noticed a two-headed ogre
 16012 | D:12     | Reached skill level 5 in Air Magic
 16029 | D:12     | Reached skill level 13 in Spellcasting
 16040 | D:12     | Reached ****** piety under Kikubaaqudgha
 16048 | D:11     | Received a gift from Kikubaaqudgha
 16721 | D:12     | Noticed a two-headed ogre
 16732 | D:12     | Killed a two-headed ogre
 16903 | Lair:1   | Entered Level 1 of the Lair of Beasts
 16981 | Lair:1   | Learned a level 5 spell: Borgnjor's Vile Clutch
 16983 | Lair:1   | Learned a level 1 spell: Pain
 17129 | Lair:1   | Reached skill level 10 in Poison Magic
 17550 | Lair:2   | Gained mutation: You can translocate small distances at
                  | will. [potion of mutation]
 17550 | Lair:2   | Gained mutation: You are partially covered in large bone
                  | plates. (SH +4) [potion of mutation]
 17762 | Lair:2   | Noticed Urug
 17770 | Lair:2   | Killed Urug
 18454 | Lair:3   | Reached skill level 1 in Earth Magic
 18456 | Lair:3   | Reached XP level 13. HP: 54/59 MP: 19/31
 18843 | Lair:3   | Found a staircase to the Snake Pit.
 19586 | Lair:3   | Found a staircase to the Shoals.
 20207 | Lair:4   | Reached skill level 5 in Necromancy
 20698 | Lair:5   | Noticed Nessos
 20718 | Lair:5   | Reached skill level 14 in Spellcasting
 20721 | Lair:5   | Killed Nessos
 21649 | Lair:6   | Entered Level 6 of the Lair of Beasts
 22312 | Lair:6   | Reached XP level 14. HP: 45/63 MP: 10/33
 23295 | Lair:6   | Found a viscous altar of Jiyva.
 23296 | Lair:6   | Found a staircase to the Slime Pits.
 23658 | Elf:1    | Entered Level 1 of the Elven Halls
 23782 | Elf:1    | HP: 3/63 [deep elf knight/stone arrow (22)]
 24102 | Elf:1    | Reached skill level 10 in Necromancy
 24392 | Elf:2    | Noticed Jorgrun
 24852 | Elf:1    | Reached skill level 15 in Spellcasting
 26151 | Elf:2    | Killed Jorgrun
 26151 | Elf:2    | Reached XP level 15. HP: 26/67 MP: 19/35
 26647 | Elf:2    | Reached skill level 16 in Spellcasting
 26791 | Elf:2    | Shot with an arrow by a deep elf archer
 26792 | Elf:2    | Reached XP level 14. HP: -9/63 MP: 0/53
 27370 | Snake:1  | Entered Level 1 of the Snake Pit
 27627 | D:12     | Found Laseom's Distillery.
 27637 | D:12     | Bought 2 potions of heal wounds for 120 gold pieces
 27637 | D:12     | Bought a potion of heal wounds for 60 gold pieces
 27637 | D:12     | Bought a potion of curing for 36 gold pieces
 27637 | D:12     | Bought a potion of curing for 36 gold pieces
 27637 | D:12     | Bought a potion of resistance for 120 gold pieces
 27815 | D:12     | HP: 3/63 [cyclops/large rock (49)]
 28041 | D:12     | Noticed Azrael
 28202 | D:12     | Killed Azrael
 28604 | D:13     | Noticed EnegeticOcto's ghost (journeyman DDFi)
 28617 | D:13     | Identified the cursed +1 dire flail of Tumult {protect,
                  | Int+4 Stlth+}
 28627 | D:13     | Found a bloodstained altar of Trog.
 28634 | D:13     | Found a transporter.
 28662 | D:13     | Found a transporter.
 28965 | D:13     | Found a gate to the Vaults.
 29128 | D:13     | Found a sacrificial altar of Ru.
 29519 | D:14     | Noticed Agnes
 29526 | D:14     | Killed Agnes
 29526 | D:14     | Reached skill level 17 in Spellcasting
 30434 | D:14     | Noticed Roxanne
 30859 | D:15     | Entered Level 15 of the Dungeon
 31028 | D:15     | Reached XP level 15. HP: 67/67 MP: 37/37
 31097 | D:15     | HP: 2/67 [large slime creature (32)]
 31589 | Shoals:1 | Entered Level 1 of the Shoals
 32294 | Elf:2    | Noticed a deep elf sorcerer
 32303 | Elf:2    | Killed a deep elf sorcerer
 32876 | Elf:2    | Found a runed translucent gate.
 32876 | Elf:2    | Found a runed translucent gate.
 32881 | Elf:2    | Found a runed translucent gate.
 33169 | Elf:3    | Entered Level 3 of the Elven Halls
 33391 | Elf:3    | Noticed an orc warlord
 33423 | Elf:3    | Killed an orc warlord
 33798 | Elf:3    | Noticed a deep elf master archer
 34217 | Elf:3    | Found a shimmering blue altar of Sif Muna.
 34631 | Elf:3    | Learned a level 3 spell: Frozen Ramparts
 35004 | Elf:3    | Found Letwoshi's Jewellery Emporium.
 35007 | Elf:3    | Found Asmoiwid's Distillery.
 35007 | Elf:3    | Found Powutoc's Gadget Emporium.
 35011 | Elf:3    | Found Plog's Armour Shoppe.
 35016 | Elf:3    | Bought a potion of curing for 57 gold pieces
 35286 | Elf:3    | Reached skill level 18 in Spellcasting
 35319 | Elf:3    | Identified the +10 short sword "Feuneucw" {pain, +Rage rF+
                  | Dex+4}
 35328 | Elf:3    | Noticed a deep elf sorcerer
 35550 | Elf:3    | Noticed a deep elf sorcerer
 35554 | Elf:3    | Killed a deep elf sorcerer
 35732 | Elf:3    | Noticed a deep elf sorcerer
 35736 | Elf:3    | HP: 2/67 [deep elf sorcerer/damnation (34)]
 36054 | Elf:3    | Noticed a deep elf blademaster
 36057 | Elf:3    | Noticed a deep elf blademaster
 36188 | Elf:3    | Noticed a deep elf sorcerer
 36193 | Elf:3    | Killed a deep elf sorcerer
 36211 | Elf:3    | Killed a deep elf sorcerer
 36418 | Elf:3    | Killed a deep elf sorcerer
 36474 | Elf:3    | Noticed a deep elf sorcerer
 36479 | Elf:3    | Identified the +1 robe of Orthodoxy {rC+ Regen+ Str+3
                  | Stlth+}
 36479 | Elf:3    | Identified the ring of Sesiun {*Corrode rPois rF+ Str+9
                  | Int-5}
 36480 | Elf:3    | Noticed a deep elf master archer
 36485 | Elf:3    | Killed a deep elf blademaster
 36485 | Elf:3    | Reached XP level 16. HP: 64/70 MP: 28/39
 36487 | Elf:3    | Killed a deep elf blademaster
 36487 | Elf:3    | Killed a deep elf master archer
 36893 | Elf:3    | Identified the +8 falchion "Yppeogh" {antimagic, *Noise
                  | Str+4}
 37612 | Elf:3    | Killed a deep elf master archer
 37700 | Elf:3    | Killed from afar by a deep elf annihilator
 37701 | Elf:3    | Reached XP level 15. HP: -12/67 MP: 16/56
 37707 | Elf:3    | Bought a potion of brilliance for 76 gold pieces
 37715 | Elf:3    | Bought a phantom mirror for 420 gold pieces
 37730 | Elf:3    | Reached skill level 10 in Dodging
 38578 | Elf:3    | Identified the +4 mace "Pendulum" {vorpal, rPois}
 38616 | Elf:3    | Killed a deep elf sorcerer
 39306 | D:15     | Reached skill level 19 in Spellcasting
 39317 | D:15     | Learned a level 8 spell: Infestation
 39676 | D:15     | Found a runed translucent gate.
 39682 | D:15     | Noticed EnegeticOcto's ghost (journeyman DDFi)
 39696 | D:15     | Found a runed translucent gate.
 39698 | D:15     | Found a runed translucent gate.
 40183 | D:15     | Learned a level 6 spell: Freezing Cloud
 40240 | D:14     | Learned a level 5 spell: Bolt of Magma
 40318 | D:15     | Upgraded the game from 0.25-a0-566-g062765be81 to
                  | 0.25-a0-577-ga4619f409e
 40867 | D:15     | Found a staircase to the Depths.
 41000 | D:15     | Reached XP level 16. HP: 29/70 MP: 40/40
 41563 | Shoals:1 | Killed from afar by a merfolk aquamancer
 41564 | Shoals:1 | Reached XP level 15. HP: -1/67 MP: 42/57
 41672 | Shoals:2 | Noticed Ilsuiw
 41740 | Shoals:2 | Killed Ilsuiw
 41741 | Shoals:2 | Reached skill level 1 in Ice Magic
 42367 | Shoals:2 | Identified a scroll of acquirement
 42367 | Shoals:2 | Identified Gavab's Reference Book on Unstable Stones (You
                  | acquired it on level 2 of the Shoals)
 43177 | Shoals:3 | Noticed Kirke
 43189 | Shoals:3 | Killed Kirke
 43317 | Shoals:4 | Entered Level 4 of the Shoals
 43317 | Shoals:4 | Noticed Polyphemus
 43855 | Shoals:4 | Got a barnacled rune of Zot
 43955 | Shoals:4 | Hit by a javelin thrown by a merfolk javelineer

Levels and vault maps discovered:
D:1:      tarquinn_simple_flora_water_e, layout_loops_corners
D:2:      layout_basic, minmay_nonomino_d4, uniq_terence
D:3:      layout_rooms, first_ration, fedhas_ov_isle_minmay, uniq_grinder
D:4:      layout_cave_pools, grunt_decor_fettered, dk_yredelemnul_ordeal
D:5:      layout_cave_pools, slow_altar_2, serial_shops,
          nicolae_shop_statue_plus
D:6:      layout_rooms, minmay_temple_entry_arrows
D:7:      layout_loops_cross, eat_drink_and_be_merry_uskayaw, uniq_maggie,
          uniq_joseph
D:8:      layout_loops_ring, uniq_psyche, uniq_maurice, uniq_erica
D:9:      layout_roguey, makhleb_heckhound_becter, grunt_dithmenos_smoke,
          tgw_sif, chequers_temple_overflow_minitemple, david_orc_5
D:10:     layout_basic
D:11:     layout_small_grid, david_nohive_1
D:12:     layout_rooms, serial_shops, nicolae_shop_trees, serial_curves,
          eino_curves_02, eino_curves_02, uniq_azrael
D:13:     layout_loops_ring, lightli_vaults_fourway_checkpoint,
          gammafunk_ghost_wrathful_warriors, nicolae_ru_path_of_blood
D:14:     layout_gridville, nrook_uturn, uniq_agnes, uniq_roxanne
D:15:     gammafunk_enter_depths_forms, layout_rooms,
          portal_ice_cave_entry_animals_and_master, gammafunk_ghost_hydra_chop,
          dk_noncrumbling_3
Temple:   minmay_temple_curvy_loop
Lair:1:   layout_roguey, serial_rivers, chequers_serial_rivers_room_b,
          chequers_serial_rivers_room_b, chequers_serial_rivers_micro_b,
          chequers_serial_rivers_micro_c, grunt_megastairs_2
Lair:2:   layout_roguey, minmay_lair_oklob_chamber, uniq_urug
Lair:3:   layout_small_grid, minmay_shoals_entry_beasts,
          minmay_snake_entry_six_corridors, wad_woods_road_05
Lair:4:   layout_gridlike
Lair:5:   layout_cave_pods, st_stairs_4, minivault_24, uniq_nessos
Lair:6:   grunt_lair_end_beastmaster, layout_misc_corridors,
          dpeg_slime_entry_enclosed_altar
Shoals:1: layout_shoals, minmay_shop_mayhem
Shoals:2: layout_shoals, uniq_ilsuiw
Shoals:3: layout_shoals, uniq_kirke
Shoals:4: shoals_end_simple, layout_shoals, shoals_ilsuiw_ice, uniq_polyphemus
Snake:1:  layout_layer_cave, basic_altar, serial_shops, nicolae_shop_stone,
          lemuel_fruit_tree, minmay_shop_grove
Orc:1:    layout_diamond_mine, serial_shops, shop_fountains,
          nicolae_shop_crystal, nicolae_shop_crystal, basic_altar
Orc:2:    st_orc_ogre_mass, layout_caves, uniq_sonja
Elf:1:    eino_elf_arrival_the_gate, layout_loops_corners,
          hangedman_elf_represent, drop_trap
Elf:2:    layout_loops_corners, uniq_jorgrun, uniq_asterion
Elf:3:    minmay_elf_hall_x, layout_loops_corners, basic_altar, special_room
          [special_room_orc], minmay_shoptagon

Skill      XL: |  1  2  3  4  5  6  7  8  9 10 11 12 13 14 15 16 |
---------------+-------------------------------------------------+-----
Stealth        | 3 4 5 9 7 |  9.5
Dodging        | 3 4 6 7 10 | 10.9
Poison Magic   | 3 4 5 6 8 9 10 | 10.0
Fighting       | 1 2 3 4 5 7 8 |  8.6
Spellcasting   | 3 4 5 6 8 9 11 13 14 17 19 | 19.9
Unarmed Combat | 1 2 3 |  3.6
Transmutations | 2 3 4 5 6 7 |  7.0
Air Magic      | 1 2 3 4 5 |  5.2
Fire Magic     | 1 2 3 |  3.4
Evocations     | 2 4 6 7 8 |  8.2
Necromancy     | 3 4 7 11 13 | 13.0
Conjurations   | 1 |  1.5
Earth Magic    | 1 |  1.4
Ice Magic      | 3 |  3.5

Action                   |  1- 3 |  4- 6 |  7- 9 | 10-12 | 13-15 | 16-18 || total
-------------------------+-------+-------+-------+-------+-------+-------++-------
Melee: Unarmed           |    53 |    65 |   172 |    82 |   124 |       ||   496
       Bite              |     2 |     8 |    18 |    11 |    12 |       ||    51
       Punch             |       |       |     2 |     2 |     4 |       ||     8
 Cast: Sting             |    22 |    32 |    76 |   102 |    44 |       ||   276
       Poisonous Vapours |    11 |    25 |    58 |   133 |   367 |    23 ||   617
       Olgreb's Toxic Ra |       |     5 |    14 |    57 |   123 |     4 ||   203
       Ignite Poison     |       |     2 |    26 |    96 |   226 |    15 ||   365
       Mephitic Cloud    |       |       |     5 |    26 |    88 |     6 ||   125
       Sublimation of Bl |       |       |     7 |    23 |    19 |     1 ||    50
       Dispel Undead     |       |       |       |    25 |    22 |       ||    47
       Vampiric Draining |       |       |       |     2 |       |       ||     2
       Animate Dead      |       |       |       |    28 |    53 |     1 ||    82
       Blink             |       |       |       |     1 |    23 |       ||    24
       Pain              |       |       |       |    13 |    74 |       ||    87
       Borgnjor's Vile C |       |       |       |     7 |   134 |    14 ||   155
       Death Channel     |       |       |       |       |    50 |     2 ||    52
       Frozen Ramparts   |       |       |       |       |     8 |       ||     8
       Bolt of Magma     |       |       |       |       |     5 |       ||     5
       Infestation       |       |       |       |       |     2 |       ||     2
Invok: Receive Corpses   |       |       |       |     1 |       |       ||     1
       Receive Necronomi |       |       |       |     1 |       |       ||     1
 Abil: Blink             |       |       |       |       |     1 |       ||     1
Evoke: Wand              |       |       |       |     6 |    36 |     7 ||    49
       Crystal ball of e |       |       |       |     6 |     4 |       ||    10
       Box of beasts     |       |       |       |       |     3 |       ||     3
       Phantom mirror    |       |       |       |       |     1 |       ||     1
       Lamp of fire      |       |       |       |       |     1 |       ||     1
  Use: Scroll            |     1 |       |    11 |    12 |    29 |       ||    53
       Potion            |       |       |     2 |     6 |    19 |       ||    27
 Stab: Sleeping          |     6 |     2 |     8 |     4 |     7 |       ||    27
       Distracted        |       |       |       |     1 |     1 |       ||     2
       Confused          |       |       |       |     2 |     2 |       ||     4
       Paralysed         |       |       |       |       |     3 |       ||     3
  Eat: Chunk             |     7 |     8 |    12 |    23 |    67 |       ||   117
       Ration            |       |       |       |     2 |     3 |       ||     5
Armor: Skin              |     9 |     1 |    20 |    18 |    10 |       ||    58
Dodge: Dodged            |    88 |    66 |   218 |   311 |   349 |    20 ||  1052
Block: Other             |       |       |       |     1 |    49 |     4 ||    54

Table legend:
 A = Non-vault XP
 B = Vault XP
 C = Vault XP percentage of total XP
 D = Non-vault monster count
 E = Vault monster count
 F = Vault count percentage of total count
                 A         B        C        D         E       F
            +---------+---------+-------+---------+---------+-------
      Total |  168476 |  148084 |  46.8 |     765 |     269 |  26.0
            +---------+---------+-------+---------+---------+-------
        D:1 |      30 |       5 |  14.3 |      16 |       1 |   5.9
        D:2 |      59 |      40 |  40.4 |      20 |       3 |  13.0
        D:3 |     130 |     272 |  67.7 |      31 |       1 |   3.1
        D:4 |     381 |       1 |   0.3 |      15 |       1 |   6.2
        D:5 |     227 |      39 |  14.7 |      13 |       1 |   7.1
        D:6 |     659 |       0 |   0.0 |      20 |       0 |   0.0
        D:7 |    1440 |     820 |  36.3 |      35 |       2 |   5.4
        D:8 |    1974 |    1853 |  48.4 |      42 |       3 |   6.7
        D:9 |    2602 |     862 |  24.9 |      36 |      26 |  41.9
       D:10 |    1907 |       0 |   0.0 |      22 |       0 |   0.0
       D:11 |    3832 |    1103 |  22.4 |      35 |      14 |  28.6
       D:12 |   10539 |    1772 |  14.4 |      51 |       5 |   8.9
       D:13 |    7825 |    4717 |  37.6 |      41 |      12 |  22.6
       D:14 |    8136 |    2318 |  22.2 |      29 |       1 |   3.3
       D:15 |   10407 |    5136 |  33.0 |      27 |      15 |  35.7
     Lair:1 |    1832 |     389 |  17.5 |       8 |       1 |  11.1
     Lair:2 |    1975 |     824 |  29.4 |       7 |       1 |  12.5
     Lair:3 |    4500 |    2318 |  34.0 |      18 |      16 |  47.1
     Lair:4 |    6942 |       0 |   0.0 |      26 |       0 |   0.0
     Lair:5 |    3617 |    1723 |  32.3 |      16 |       3 |  15.8
     Lair:6 |    8075 |    9413 |  53.8 |      33 |      21 |  38.9
   Shoals:1 |    3274 |       0 |   0.0 |       8 |       0 |   0.0
   Shoals:2 |   11319 |    3430 |  23.3 |      26 |       5 |  16.1
   Shoals:3 |   14325 |    2118 |  12.9 |      40 |       8 |  16.7
   Shoals:4 |    3353 |    8991 |  72.8 |       6 |      13 |  68.4
      Orc:1 |    5963 |       0 |   0.0 |      47 |       0 |   0.0
      Orc:2 |    2994 |   19149 |  86.5 |      14 |      35 |  71.4
      Elf:1 |   20645 |    7688 |  27.1 |      33 |      11 |  25.0
      Elf:2 |   13329 |    6155 |  31.6 |      21 |       5 |  19.2
      Elf:3 |   16185 |   66948 |  80.5 |      29 |      65 |  69.1
            +---------+---------+-------+---------+---------+-------
